 Dungeon Crawl Stone Soup version 0.28.0-53-g5a82cb258f (webtiles) character file.

Game seed: 8408235702781007514

133 Peloso the Covered (level 5, -4/43 HPs)
             Began as a Barachi Fighter on June 5, 2022.
             Slain by a steam dragon (9 damage)
             ... on level 3 of the Dungeon.
             The game lasted 00:04:35 (3574 turns).

Peloso the Covered (Barachi Fighter)                Turns: 3574, Time: 00:04:35

Health: -4/43      AC: 15    Str: 15    XL:     5   Next: 16%
Magic:  4/4        EV:  4    Int:  9    God:
Gold:   100        SH:  4    Dex: 11    Spells: 4/4 levels left

rFire   . . .      SeeInvis .   a - +0 long sword
rCold   . . .      Faith    .   c - +0 buckler
rNeg    . . .      Spirit   .   j - +1 plate armour
rPois   .          Reflect  .   e - +0 helmet
rElec   .          Harm     .   i - +0 cloak
rCorr   .          Rampage  .   (no gloves)
Will    .....                   (no boots)
Stlth   ..........              (no amulet)
HPRegen 0.14/turn               (no ring)
MPRegen 0.09/turn               (no ring)

@: slow
A: amphibious, slowness 1, strong legs 1, +LOS, low MP 1, weak 2, noise
suppression
a: Hop


You were on level 3 of the Dungeon.
You visited 1 branch of the dungeon, and saw 3 of its levels.

You collected 100 gold pieces.

Inventory:

Hand Weapons
 a - a +0 long sword (weapon)
Armour
 b - a +0 scale mail
 c - a +0 buckler (worn)
 e - a +0 helmet (worn)
 i - a +0 cloak (worn)
 j - a +1 plate armour (worn)
Wands
 l - a wand of iceblast (14)
Scrolls
 f - a scroll of enchant armour
 g - a scroll of holy word {unknown}
 k - a scroll of identify {unknown}
Potions
 d - a potion of might


   Skills:
 + Level 4.4 Fighting
 + Level 4.1 Long Blades
 + Level 4.6 Armour
 + Level 0.1 Dodging
 + Level 4.0 Shields


You had 4 spell levels left.
You didn't know any spells.
Your spell library was empty.

Dungeon Overview and Level Annotations

Branches:
Dungeon (3/15)

Altars:


Innate Abilities, Weirdness & Mutations

You are amphibious.
You cover ground slowly.
You can hop short distances.
You have an extended range of vision and can be seen from far away.
Your magical capacity is low. (-10% MP)
You are very weak. (Str -4)
You passively dampen the noise of your surroundings.


Message History

The ball of steam hits you but does no damage.
The endoplasm hits you but does no damage.
The steam dragon moves out of view.
You slash the endoplasm!
You kill the endoplasm!
You are engulfed in a cloud of scalding steam.
The frilled lizard is engulfed in a cloud of scalding steam.
The frilled lizard dies!
Unknown command.
You closely miss the steam dragon. The steam dragon bites you.
You block the steam dragon's attack. The steam dragon breathes steam at you.
The ball of steam hits you but does no damage.
You hit the steam dragon but do no damage.
You are engulfed in a cloud of scalding steam.
The steam dragon breathes steam at you. The ball of steam hits you!!
You slash the steam dragon!
The steam dragon is moderately wounded.
You are engulfed in a cloud of scalding steam.
* * * LOW HITPOINT WARNING * * *
You block the steam dragon's attack.
The steam dragon claws you but does no damage.
You slash the steam dragon!
The steam dragon is heavily wounded.
You are engulfed in a cloud of scalding steam.
The steam dragon bites you!
* * * LOW HITPOINT WARNING * * *
The steam dragon claws you but does no damage.
A rat comes into view.
It was a potion of mutation.
You feel extremely strange.
You feel weaker.
You feel less energetic.
You feel weaker.
You feel your surroundings grow quieter.
The steam dragon closely misses you.
The steam dragon claws you but does no damage.
You hit the steam dragon.
The steam dragon is severely wounded.
The steam dragon completely misses you. You block the steam dragon's attack.
The steam dragon bites you!
You die...

###[###≈###.####.#.#
#...#g#≈#.#......#.#
#.###.#≈#.###.......
#.....#≈#.....##.#..
#[###.#≈#.###.##.#..
#...#.#≈#.#...##.#..
###.###≈###.#....#..
#...####†.§..........>...
#....r.D@.§.#............
#....######## ###.######
#.. #


You could see a steam dragon and a rat.

Vanquished Creatures
  Robin (D:3)
  A gnoll (D:1)
  5 adders
  An orc (D:3)
  6 bats
  5 endoplasms
  3 giant cockroaches
  15 goblins
  8 hobgoblins
  2 jackals (D:2)
  3 quokkas
  A ball python (D:2)
  3 frilled lizards
  5 kobolds
  3 rats
62 creatures vanquished.

Vanquished Creatures (others)
  A frilled lizard (D:3)
1 creature vanquished.

Grand Total: 63 creatures vanquished

Notes
Turn   | Place    | Note
-------+----------+-------------------------------------------
     0 | D:1      | Peloso the Barachi Fighter began the quest for the Orb.
     0 | D:1      | Reached XP level 1. HP: 18/18 MP: 1/1
   307 | D:1      | Reached XP level 2. HP: 10/25 MP: 2/2
   708 | D:1      | Reached XP level 3. HP: 18/30 MP: 3/3
  1311 | D:1      | Found a faded altar of an unknown god.
  2241 | D:2      | Reached XP level 4. HP: 32/37 MP: 4/4
  2904 | D:3      | Noticed Robin
  3104 | D:3      | Killed Robin
  3453 | D:3      | Reached XP level 5. HP: 43/43 MP: 5/5
  3565 | D:3      | Noticed a steam dragon
  3573 | D:3      | Gained mutation: You are weak. (Str -2) [potion of
                  | mutation]
  3573 | D:3      | Gained mutation: Your magical capacity is low. (-10% MP)
                  | [potion of mutation]
  3573 | D:3      | Gained mutation: You are very weak. (Str -4) [potion of
                  | mutation]
  3573 | D:3      | Gained mutation: You passively dampen the noise of your
                  | surroundings. [potion of mutation]
  3574 | D:3      | Slain by a steam dragon

Illustrated notes

Levels and vault maps discovered:
D:1:      eino_arrival_water_cross, layout_basic,
          hellmonk_ecumenical_altar_slurped_away, roderic_lattice_a, hex_tiny,
          grunt_decor_one_mirror
D:2:      layout_loops_corners
D:3:      layout_loops_ring, grunt_decor_cap, uniq_robin

Skill      XL: |  1  2  3  4  5 |
---------------+----------------+-----
Fighting       | 4 |  4.4
Armour         | 4 |  4.6
Long Blades    | 3 4 |  4.1
Shields        | 4 |  4.0
Dodging        | |  0.1

Action                   |  1- 3 |  4- 6 || total
-------------------------+-------+-------++-------
Melee: Long sword        |   121 |   104 ||   225
  Use: Scroll            |       |     3 ||     3
       Potion            |       |     1 ||     1
Armor: Scale mail        |    59 |     1 ||    60
       Plate armour      |       |   148 ||   148
Dodge: Dodged            |    49 |    51 ||   100
Block: Buckler           |    23 |    48 ||    71
